 Dungeon Crawl Stone Soup version 0.27.1-33-g824d729ab1 (webtiles) character file.

Game seed: 9596871379323843931

2 austinbyrn the Shield-Bearer (level 1, -1/14 HPs)
             Began as a Gargoyle Fighter on Dec 10, 2021.
             Slain by a goblin (4 damage)
             ... on level 1 of the Dungeon.
             The game lasted 00:00:15 (55 turns).

austinbyrn the Shield-Bearer (Gargoyle Fighter)       Turns: 55, Time: 00:00:17

Health: -1/14      AC:  9    Str: 19    XL:     1   Next: 30%
Magic:  1/1        EV:  4    Int:  8    God:
Gold:   0          SH:  9    Dex:  9    Spells: 0/0 levels left

rFire    . . .     SeeInvis .   a - +0 flail
rCold    . . .     Faith    .   c - +0 kite shield
rNeg     + . .     Spirit   .   b - +0 scale mail
rPois    ∞         Reflect  .   (no helmet)
rElec    +         Harm     .   (no cloak)
rCorr    .         Rampage  .   (no gloves)
Will     .....                  (no boots)
Stlth    ..........             (no amulet)
HPRegen  0.04/turn              (no ring)
MPRegen  0.07/turn              (no ring)

@: constricted
A: sickness immunity, AC +2, negative energy resistance 1, electricity
resistance, torment resistance 1, petrification resistance
a: no special abilities


You were on level 1 of the Dungeon.
You visited 1 branch of the dungeon, and saw 1 of its levels.

Inventory:

Hand Weapons
 a - a +0 flail (weapon)
Armour
 b - a +0 scale mail (worn)
 c - a +0 kite shield (worn)
Potions
 d - a potion of might
 e - a potion of ambrosia {unknown}


   Skills:
 - Level 3.2 Fighting
 * Level 2.1 Maces & Flails
 - Level 3.2 Armour
 + Level 3.3 Shields


You couldn't memorise any spells.
You didn't know any spells.
Your spell library was empty.

Dungeon Overview and Level Annotations

Branches:
Dungeon (1/15)

Altars:


Innate Abilities, Weirdness & Mutations

You are immune to sickness and miasma.
Your stone body is resilient. (AC +2)
You are immune to poison.
You resist negative energy. (rN+)
You are resistant to electric shocks. (rElec)
You are resistant to unholy torment.
You are immune to petrification.


Message History

No target in view!
No target in view!
A ball python comes into view.
Found a coppery potion.
The ball python hisses angrily.
A goblin comes into view. It is wielding a +1 dagger of pain.
The goblin shouts!
A hobgoblin comes into view.
The goblin throws a stone.
You block the stone.
You closely miss the hobgoblin. You block the ball python's attack.
The ball python grabs you. The ball python constricts you.
The hobgoblin hits you.
The hobgoblin hits you but does no damage.
The ball python bites you but does no damage.
The ball python constricts you. The goblin barely misses you.
You closely miss the ball python. You block the ball python's attack.
The ball python constricts you.
The hobgoblin hits you but does no damage.
The goblin closely misses you.
You closely miss the ball python. You block the ball python's attack.
The ball python constricts you. The hobgoblin hits you.
The goblin hits you but does no damage. You block the ball python's attack.
The ball python constricts you.
The hobgoblin hits you but does no damage.
The goblin hits you but does no damage.
You barely miss the ball python. You block the ball python's attack.
The ball python constricts you. The hobgoblin barely misses you.
The goblin hits you but does no damage. The ball python bites you.
The ball python constricts you.
You are too injured to fight recklessly!
You are too injured to fight recklessly!
You are too injured to fight recklessly!
You barely miss the ball python. The ball python bites you.
* * * LOW HITPOINT WARNING * * *
The ball python constricts you.
The hobgoblin hits you but does no damage.
The goblin hits you but does no damage. The ball python barely misses you.
The ball python constricts you. You block the hobgoblin's attack.
The goblin hits you with a +1 dagger of pain.
You die...

.# #...## ##
....# .#
....### #.#
..... ###..
...#
#.#..!g##.>#
#....S@...#
####
#.##..g.#..#
...###
#..###..# #....
##.#....# #..#
.#..†..####..#
.##.####......#
#.... #.###..#
####. #.# ##.#
#. #.# #.#.#


You could see a hobgoblin, a goblin and a ball python.

Vanquished Creatures
  A bat (D:1)
  A frilled lizard (D:1)
2 creatures vanquished.

Notes
Turn   | Place    | Note
-------+----------+-------------------------------------------
     0 | D:1      | austinbyrn the Gargoyle Fighter began the quest for the
                  | Orb.
     0 | D:1      | Reached XP level 1. HP: 14/14 MP: 1/1
    55 | D:1      | Slain by a goblin

Illustrated notes

Levels and vault maps discovered:
D:1:      saegor_arrival_simple_e, layout_basic, minmay_pentomino_z4

Action                   || total
-------------------------++-------
Melee: Flail             ||     8
Armor: Scale mail        ||    14
Dodge: Dodged            ||     5
Block: Kite shield       ||     7
